 Dungeon Crawl Stone Soup version 0.28-a0-245-g639a1a48b9 (webtiles) character file.

Game seed: 15626397357039120021

122 robertstho the Magician (level 5, -4/37 HPs)
             Began as a Djinni Fire Elementalist on Aug 24, 2021.
             Slain by a black bear (5 damage)
             ... on level 3 of the Dungeon.
             The game lasted 00:04:14 (3622 turns).

robertstho the Magician (Djinni Fire Elementalist)  Turns: 3622, Time: 00:04:14

Health: -4/37      AC:  2    Str:  7    XL:     5   Next: 27%
Gold:   142        EV: 12    Int: 17    God:
                   SH:  0    Dex: 14

rFire   + + .      SeeInvis .   m - +0 short sword (protect)
rCold   . . .      Faith    .   (no shield)
rNeg    . . .      Spirit   .   f - +0 robe {rC+}
rPois   ∞          Reflect  .   (no helmet)
rElec   .          Harm     .   (no cloak)
rCorr   .          Rampage  .   (no gloves)
Will    .....                   (boots unavailable)
Stlth   ++........              (no amulet)
HPRegen 0.12/turn               (no ring)
MPRegen 0.00/turn               (no ring)

@: flying
A: sickness immunity, fire resistance 2, cold vulnerability 1, float, innate
caster, hp casting, extra vitality 1
a: no special abilities


You were on level 3 of the Dungeon.
You visited 1 branch of the dungeon, and saw 3 of its levels.

You collected 164 gold pieces.
You spent 22 gold pieces at shops.

Inventory:

Hand Weapons
 d - a +0 dagger
 m - a +0 short sword of protection (weapon)
Armour
 f - a +0 robe of cold resistance (worn)
Scrolls
 a - a scroll of identify
 b - a scroll of teleportation {unknown}
 g - a scroll of silence {unknown}
 h - 2 scrolls of noise {unknown}
 i - a scroll of fog {unknown}
 j - 2 scrolls of immolation {unknown}
 n - a scroll of blinking {unknown}
Potions
 c - 3 potions of curing {unknown}
 e - 3 potions of heal wounds {unknown}
 k - a potion of mutation {unknown}
 l - a potion of lignification {unknown}


   Skills:
 * Level 1.5 Fighting
 + Level 2.3 Dodging
 + Level 1.9 Stealth
 * Level 3.9 Spellcasting


You couldn't memorise any spells.
You knew the following spells:

 Your Spells              Type           Power      Damage    Failure   Level
a - Foxfire               Conj/Fire      64%        2x1d7     3%          1
b - Conjure Flame         Conj/Fire      16%        6-21      10%         3
c - Inner Flame           Hex/Fire       16%        N/A       10%         3
d - Sticky Flame          Conj/Fire      16%        2d4       30%         4
e - Fireball              Conj/Fire      8%         3d6       65%         5
f - Summon Small Mammal   Summ           64%        N/A       3%          1
g - Poisonous Vapours     Pois/Air       32%        N/A       4%          2
Your spell library was empty.

Dungeon Overview and Level Annotations

Branches:
Dungeon (3/15)

Altars:
Makhleb
Okawaru

Shops:
D:1 [?:


Innate Abilities, Weirdness & Mutations

You are immune to sickness and miasma.
You are immune to poison.
Your flesh is very heat resistant. (rF++)
You are vulnerable to cold. (rC-)
You float through the air rather than walking.
You learn spells naturally, not from books.
Your magical power is your life essence.
You have superior vitality. (+4 HP)


Message History

The black bear is heavily wounded.
The foxfire hits the black bear.
The black bear is severely wounded.
A frilled lizard comes into view.
Casting: Foxfire (safe; 3% risk of failure)
Press: ? - help, Q - select action, (/) - cycle Dir - look around, f - activate You conjure some foxfire!
The foxfire hits the black bear.
The black bear is severely wounded.
The foxfire hits the black bear.
The black bear is almost dead.
The black bear goes berserk!
Casting: Foxfire (safe; 3% risk of failure)
Press: ? - help, Q - select action, (/) - cycle Dir - look around, f - activate You conjure some foxfire!
The foxfire hits the black bear.
The black bear is almost dead.
The foxfire hits the black bear but does no damage.
The black bear is almost dead.
The black bear closely misses you. The black bear claws you!
The black bear claws you.
The foxfire hits the black bear.
The black bear is almost dead.
The foxfire hits the black bear but does no damage.
The black bear is almost dead.
The black bear rages.
The black bear bites you but does no damage.
The black bear claws you. The black bear barely misses you.
There is an open door here.
The black bear bites you.
* * * LOW HITPOINT WARNING * * *
The black bear claws you.
* * * LOW HITPOINT WARNING * * *
The black bear claws you.
* * * LOW HITPOINT WARNING * * *
Okay, then.
The black bear closely misses you. The black bear claws you.
* * * LOW HITPOINT WARNING * * *
The black bear claws you.
You die...

#.......########'##....
...#.................+....
......K..............#....
..........................
.)..#####K#..........#....
... #.#..........#.... .
#.#..........###'#
#####h#.............<#
+....@################
#............ .
#.########### # #


You could see a black bear (berserk, poisoned) and a kobold.

Vanquished Creatures
  An iguana (D:3)
  5 adders (D:2)
  A dart slug (D:2)
  An orc (D:3)
  5 ball pythons
  7 bats
  5 endoplasms
  A giant cockroach (D:1)
  2 goblins
  4 hobgoblins
  3 quokkas
  3 kobolds
  11 rats
49 creatures vanquished.

Vanquished Creatures (others)
  216 foxfires
216 creatures vanquished.

Grand Total: 265 creatures vanquished

Notes
Turn   | Place    | Note
-------+----------+-------------------------------------------
     0 | D:1      | robertstho the Djinni Fire Elementalist began the quest for
                  | the Orb.
     0 | D:1      | Reached XP level 1. HP: 15/15 MP: 0/0
   209 | D:1      | Reached XP level 2. HP: 15/22 MP: 0/0
   617 | D:1      | Found Fuqabipn's Book Shoppe.
  1018 | D:1      | Found Futomer's Magic Scroll Shoppe.
  1021 | D:1      | Bought a scroll of identify for 22 gold pieces
  1147 | D:1      | Found a faded altar of an unknown god.
  1280 | D:1      | Reached skill level 3 in Spellcasting
  1324 | D:1      | Reached XP level 3. HP: 23/26 MP: 0/0
  1324 | D:1      | Learned a level 1 spell: Summon Small Mammal
  1472 | D:1      | Found Cachiqee's Armour Shop.
  1873 | D:2      | Reached skill level 1 in Fighting
  2264 | D:2      | Reached XP level 4. HP: 32/32 MP: 0/0
  3290 | D:3      | Found a burning altar of Makhleb.
  3298 | D:3      | Found an iron altar of Okawaru.
  3491 | D:3      | Reached XP level 5. HP: 27/37 MP: 0/0
  3491 | D:3      | Learned a level 2 spell: Poisonous Vapours
  3608 | D:3      | Noticed a black bear
  3620 | D:3      | HP: 1/37 [black bear (2)]
  3622 | D:3      | Slain by a black bear

Illustrated notes

Levels and vault maps discovered:
D:1:      dpeg_arrival_ratfight, layout_basic,
          dreamdust_ecumenical_altar_angels_and_demons, serial_shops,
          nicolae_diamond_shop, nicolae_shop_behind_doors,
          nicolae_shop_waterfront
D:2:      minmay_skewed_foursquare, layout_basic,
          amcnicky_mini_rare_corridor_liquid, minmay_crystal_room
D:3:      layout_basic, nicolae_overflow_hidden_temple,
          mainiacjoe_overflow_catwalk_spiral, minivault_5

Skill      XL: |  1  2  3 |
---------------+----------+-----
Spellcasting   | 3 |  3.9
Fighting       | 1 |  1.5
Dodging        | |  2.3
Stealth        | |  1.9

Action                   |  1- 3 |  4- 6 || total
-------------------------+-------+-------++-------
Melee: Dagger            |     8 |       ||     8
 Cast: Foxfire           |    70 |    70 ||   140
       Poisonous Vapours |       |     3 ||     3
Armor: Robe              |     9 |     4 ||    13
Dodge: Dodged            |    34 |     6 ||    40

Table legend: (Time is in decaauts)
 A = Elapsed time spent in this place.
 B = Non-inter-level travel time spent in this place.
 C = Inter-level travel time spent in this place.
 D = Time resting spent in this place.
 E = Time spent auto-exploring this place.
 F = Levels seen in this place.
 G = Mean time per level.
                   A        B        C        D        E       F      G
               +--------+--------+--------+--------+--------+-----+--------+
         Total |   3620 |   3519 |    101 |      0 |   3130 |   3 | 1206.7 |
       Dungeon |   3620 |   3519 |    101 |      0 |   3130 |   3 | 1206.7 |
               +--------+--------+--------+--------+--------+-----+--------+

Top non-repeatable levels by time:
     D:2: 1683 daAuts
     D:1: 1602 daAuts
     D:3: 334 daAuts
